 Dungeon Crawl Stone Soup version 0.28.0-49-g6dfe1f597d (console) character file.

Game seed: 14893611306194566602

205 Faeu the Skirmisher (level 5, 0/70 HPs)
             Began as a Minotaur Berserker on May 16, 2022.
             Was a Believer of Trog.
             Slain by an orc
             ... wielding a +0 club
              (5 damage)
             ... on level 3 of the Dungeon.
             The game lasted 00:02:35 (2367 turns).

Faeu the Skirmisher (Minotaur Berserker)            Turns: 2367, Time: 00:02:35

Health: 0/70       AC:  2    Str: 23    XL:     5   Next: 53%
Magic:  4/4        EV: 12    Int:  4    God:    Trog [**....]
Gold:   84         SH:  0    Dex: 10    Spells: 4/4 levels left

rFire   . . .      SeeInvis .   e - +2 dagger (holy) {short}
rCold   . . .      Faith    .   (no shield)
rNeg    . . .      Spirit   .   b - +0 animal skin
rPois   .          Reflect  .   (helmet restricted)
rElec   .          Harm     .   (no cloak)
rCorr   .          Rampage  .   (no gloves)
Will    .....                   (no boots)
Stlth   ..........              (no amulet)
HPRegen 0.21/turn               (no ring)
MPRegen 0.09/turn               (no ring)

@: berserking, lethally poisoned (0 -> -12), very quick
A: horns 2, retaliatory headbutt
a: Renounce Religion, Berserk, Trog's Hand


You were on level 3 of the Dungeon.
You worshipped Trog.
Trog was pleased with you.
You visited 1 branch of the dungeon, and saw 3 of its levels.

You collected 84 gold pieces.


Innate Abilities, Weirdness & Mutations

You have a pair of horns on your head.
You reflexively headbutt those who attack you in melee.


   Skills:
 + Level 4.9 Fighting
 + Level 4.9 Axes
 + Level 4.1 Armour
 + Level 3.7 Dodging


You had 4 spell levels left.
You didn't know any spells.
Your spell library contained the following spells:

 Spells                   Type           Power      Damage    Failure   Level
 Beastly Appendage        Tmut           0%         N/A       50%         1
 Wereblood                Tmut           0%         N/A       65%         2
 Spider Form              Tmut/Pois      0%         N/A       86%         3

Inventory:

Hand Weapons
 a - a +0 hand axe {axe}
 c - a +0 dagger of venom {short}
   (You took it off a kobold on level 1 of the Dungeon)
 e - a +2 dagger of holy wrath (weapon) {short}
   (You took it off a kobold on level 2 of the Dungeon)
Missiles
 i - 6 curare-tipped darts (quivered) {=fthrowing}
Armour
 b - a +0 animal skin (worn)
Scrolls
 d - a scroll of vulnerability {unknown}
 g - a scroll of summoning {unknown}
 j - a scroll of noise {unknown}
 k - a scroll of identify {unknown}
 l - a scroll of magic mapping {unknown}
Potions
 f - 2 potions of might {unknown}
 h - a potion of brilliance {unknown}
 m - a potion of mutation {unknown}
 n - 2 potions of curing {unknown}

Dungeon Overview and Level Annotations

Branches:
Dungeon (3/15)

Altars:
Trog
Xom

#...##.#.#.#
#......#.#.#
##..†.....#.#
#####...)<.#..#..
#.....####.......
#.....#.......##.
#.....#.#....>###
#.....#.......#
########.....#.......###
.......o.....'..........
......)@.....##.........
.....o)).....##.........
..!......)####......####
..######### #....### # .
#....# # ♣....♣ ♣♣...♣
♣♣.♣♣ ♣. ♣♣


You could see 2 orcs.


Message History

There are monsters nearby!
You hit the giant cockroach.
Your headbutt misses the giant cockroach.
The giant cockroach bites you but does no damage.
The kobold closely misses you.
There are monsters nearby!
You hit the giant cockroach. You headbutt the giant cockroach.
You kill the giant cockroach!
Trog accepts your kill. The kobold hits you but does no damage.
A kobold is nearby!
You hit the kobold.
You kill the kobold!
Trog accepts your kill.
Things that are here:
a +0 dagger {short}; a kobold corpse No target in view! 😎 HP[+5]
You now have 84 gold pieces (gained 7).
You see here a giant cockroach corpse.
No target in view!
There is an open door here.
An orc comes into view.
It is wielding a +1 short sword of venom.
The orc shouts!
You hear a shout! x2
An orc priest and an orc come into view.
The orc priest shouts!
The orc moves out of view.
There are monsters nearby!
The orc shouts!
You hear a shout!
An orc comes into view. It is wielding a +0 falchion.
There are monsters nearby!
An orc comes into view. It is wielding a +0 trident.
There are monsters nearby!
You barely miss the orc.
The orc hits you with a +1 short sword of venom.
You are poisoned.
There are monsters nearby!
You completely miss the orc priest.
You feel sick. The orc misses you.
The orc priest closely misses you. 😕 HP[-6]
You take 6 damage, and now have 41/47 hp.
You closely miss the orc priest.
You feel sick. The orc misses you.
The orc priest hits you with a +0 club. 😮 HP[-7]
You take 7 damage, and now have 34/47 hp.
You barely miss the orc priest. You headbutt the orc priest!
You feel sick. The orc barely misses you.
The orc priest hits you with a +0 club. 😮 HP[-3]
You take 3 damage, and now have 31/47 hp.
You hit the orc priest.
You feel sick.
The orc hits you with a +1 short sword of venom.
The orc priest hits you with a +0 club.
The orc hits you but does no damage. 😮 HP[-7]
You take 7 damage, and now have 24/47 hp.
A red film seems to cover your vision as you go berserk!
You feel yourself moving faster!
You feel mighty!
You feel sick.
The orc hits you with a +1 short sword of venom.
* * * LOW HITPOINT WARNING * * *
You are more poisoned.
The orc priest hits you with a +0 club.
* * * LOW HITPOINT WARNING * * *
The orc hits you from afar with a +0 trident.
* * * LOW HITPOINT WARNING * * *
😨 HP[-2]
You now have 70 max hp (+23).
You closely miss the orc priest.
You feel sick. The orc barely misses you. The orc completely misses you.
The orc priest misses you. The orc barely misses you.
The orc hits you from afar with a +0 trident.
* * * LOW HITPOINT WARNING * * *
😨 HP[-4]
You take 4 damage, and now have 18/70 hp.
You puncture the orc priest!
You kill the orc priest!
Trog accepts your kill.
You feel sick.
The orc hits you with a +1 short sword of venom.
* * * LOW HITPOINT WARNING * * *
You are lethally poisoned!
Your Armour skill increases to level 4! 😱 HP[-4]
You take 4 damage, and now have 14/70 hp.
You puncture the orc!
You kill the orc!
Trog accepts your kill.
* * * LOW HITPOINT WARNING * * *
You feel very sick. The orc hits you with a +0 club.
* * * LOW HITPOINT WARNING * * *
The orc completely misses you.
The orc hits you from afar with a +0 trident.
* * * LOW HITPOINT WARNING * * *
😱 HP[-7]
You take 7 damage, and now have 7/70 hp.
You puncture the orc!
You kill the orc!
Trog accepts your kill.
* * * LOW HITPOINT WARNING * * *
You feel sick. The orc hits you with a +0 club.
You die...

Skill      XL: |  1  2  3  4  5 |
---------------+----------------+-----
Axes           | 4 |  4.9
Fighting       | 4 |  4.9
Armour         | 3 4 |  4.1
Dodging        | 3 |  3.7

Action                   |  1- 3 |  4- 6 || total
-------------------------+-------+-------++-------
Melee: Hand axe          |    78 |       ||    78
       Headbutt          |     8 |     9 ||    17
       Dagger            |    28 |    55 ||    83
       Punch             |     2 |     1 ||     3
Invok: Berserk           |       |     2 ||     2
 Stab: Sleeping          |     1 |       ||     1
Armor: Animal skin       |    20 |    12 ||    32
Dodge: Dodged            |    90 |    39 ||   129

Levels and vault maps discovered:
D:1:      saegor_arrival_simple_a, layout_loops_cross,
          shapermc_ecumenical_altar_mp_urbaneastern, hangedman_decor_growths
D:2:      layout_basic, basic_altar, kennysheep_another_room, minmay_box_of_dots
D:3:      layout_basic, trog_wizard, uniq_natasha, uniq_sigmund,
          uniq_crazy_yiuf_cottage

Notes
Turn   | Place    | Note
-------+----------+-------------------------------------------
     0 | D:1      | Faeu the Minotaur Berserker began the quest for the Orb.
     0 | D:1      | Reached XP level 1. HP: 19/19 MP: 0/0
     0 | D:1      | magus.rc [v1.9.6]
    41 | D:1      | Found a faded altar of an unknown god.
    58 | D:1      | Reached XP level 2. HP: 25/27 MP: 1/1
   147 | D:1      | HP: 6/27 [poisoned by a kobold]
   448 | D:1      | You fall into a shaft and drop 1 floor!
   608 | D:2      | Reached skill level 4 in Axes
   625 | D:2      | Reached skill level 4 in Fighting
   629 | D:2      | Reached skill level 3 in Armour
   629 | D:2      | HP: 5/27 [worm (5)]
   635 | D:2      | Reached XP level 3. HP: 6/33 MP: 2/2
  1180 | D:2      | Reached ** piety under Trog
  1313 | D:2      | Found a shimmering altar of Xom.
  1518 | D:2      | You pick up a book of Changes {forbidden} and begin
                  | reading...
  1518 | D:2      | You add the spells Beastly Appendage, Wereblood and Spider
                  | Form to your library.
  1595 | D:3      | Reached skill level 3 in Dodging
  1635 | D:3      | Reached XP level 4. HP: 39/41 MP: 3/3
  1730 | D:3      | Found a bloodstained altar of Trog.
  1732 | D:3      | Noticed a wizard
  1737 | D:3      | Killed a wizard
  1822 | D:3      | HP: 9/41 [poisoned by an adder]
  2068 | D:3      | Reached XP level 5. HP: 38/47 MP: 4/4
  2250 | D:3      | Noticed Natasha
  2257 | D:3      | Killed Natasha
  2365 | D:3      | HP: 17/70 [poisoned by an orc]
  2366 | D:3      | Reached skill level 4 in Armour
  2366 | D:3      | HP: 7/70 [orc/+0 trident (2)]
  2367 | D:3      | Slain by an orc

Vanquished Creatures
  A howler monkey (D:3)
  An orc priest (D:3)
  Natasha (D:3)
  5 adders
  A worm (D:2)
  3 dart slugs
  3 orcs (D:3)
  5 ball pythons
  An endoplasm (D:2)
  5 giant cockroaches
  4 goblins
  2 hobgoblins (D:2)
  4 jackals (D:1)
  4 kobolds
  5 quokkas
  4 bats
  2 frilled lizards
  7 rats
58 creatures vanquished.

Vanquished Creatures (others)
  A wizard (D:3)
  5 fungi (D:1)
  A plant (D:1)
7 creatures vanquished.

Grand Total: 65 creatures vanquished

Table legend:
 A = Non-vault XP
 B = Vault XP
 C = Vault XP percentage of total XP
 D = Non-vault monster count
 E = Vault monster count
 F = Vault count percentage of total count
                 A         B        C        D         E       F
            +---------+---------+-------+---------+---------+-------
      Total |     252 |      45 |  15.2 |      53 |       5 |   8.6
            +---------+---------+-------+---------+---------+-------
        D:1 |      25 |       0 |   0.0 |      14 |       0 |   0.0
        D:2 |      52 |      10 |  16.1 |      16 |       4 |  20.0
        D:3 |     175 |      35 |  16.7 |      23 |       1 |   4.2
            +---------+---------+-------+---------+---------+-------

Illustrated notes

Table legend:
 A = Kills in this place as a percentage of kills in entire the game.
 B = Kills by you in this place as a percentage of kills by you in the entire game.
 C = Kills by friends in this place as a percentage of kills by friends in the entire game.
 D = Other kills in this place as a percentage of other kills in the entire game.
 E = Experience gained in this place as a percentage of experience gained in the entire game.
 F = Experience gained in this place divided by the number of levels of this place that you have seen.
                   A       B       C       D       E      F
               +-------+-------+-------+-------+-------+----------------------
         Total | 100.0 | 100.0 |   N/A |   N/A | 100.0 |  99.0
       Dungeon | 100.0 | 100.0 |   N/A |   N/A | 100.0 |  99.0
               +-------+-------+-------+-------+-------+----------------------

Table legend: (Time is in decaauts)
 A = Elapsed time spent in this place.
 B = Non-inter-level travel time spent in this place.
 C = Inter-level travel time spent in this place.
 D = Time resting spent in this place.
 E = Time spent auto-exploring this place.
 F = Levels seen in this place.
 G = Mean time per level.
                   A        B        C        D        E       F      G
               +--------+--------+--------+--------+--------+-----+--------+
         Total |   2393 |   2364 |     29 |    463 |   1515 |   3 |  797.7 |
       Dungeon |   2393 |   2364 |     29 |    463 |   1515 |   3 |  797.7 |
               +--------+--------+--------+--------+--------+-----+--------+

Top non-repeatable levels by time:
     D:2: 1133 daAuts
     D:3: 808 daAuts
     D:1: 452 daAuts
